[Event "Titled Tuesday Blitz March 28 Late 2023"]
[White "Nazari, Arad"]
[Black "Sztokbant, Bernardo Vainzoff"]
[WhiteFideId "12577324"]
[BlackFideId "2115956"]
[WhiteElo "2313"]
[BlackElo "2222"]
[Result "0-1"]
[Round "03"]
[TimeControl "180+2"]
[Date "2023.03.28"]
[WhiteClock "0:00:06"]
[BlackClock "0:00:06"]

1. e4 c5 2. Nf3 Nc6 3. Bb5 e6 4. O-O Nge7 5. d4 cxd4 6. Nxd4 a6 7. Nxc6 Nxc6 8. Be2 Bc5 9. Nc3 O-O 10. Na4 Ba7 11. c4 d6 12. b3 Qc7 13. Bb2 Bd7 14. Rc1 e5 15. c5 dxc5 16. Nxc5 Rad8 17. Qc2 Nb4 18. Qc4 Nxa2 19. Nxd7 Qxd7 20. Rcd1 Qe7 21. Rd5 Rxd5 22. Qxd5 Rd8 23. Qxe5 Qxe5 24. Bxe5 Rd2 25. Bc4 Kf8 26. g4 f6 27. Bf4 Rb2 28. Bg3 Nc3 29. Re1 b5 30. Be6 Ke7 31. Bg8 Ne2+ 32. Kh1 Nxg3+ 33. fxg3 a5 34. Ra1 Bb6 35. h4 Bc7 36. h5 h6 37. Bd5 Kd6 38. Rc1 Bb8 39. Rc6+ Ke5 40. Rb6 Bd6 41. Rxb5 Kd4 42. Rxa5 Bxg3 43. Ra7 Ke3 44. Rxg7 Bf4 45. Ra7 Kf2 46. Ra1 Kg3 47. Rg1+ Kh3 48. Re1 Rh2+ 49. Kg1 Rb2 50. e5 Bxe5 51. Re3+ Kh4 52. Be6 Bd4 53. Kf1 Bxe3 54. Ke1 Kg5 55. Kd1 Kf4 56. Ke1 Rd2 57. b4 Rd6 58. Bc4 Bd2+ 59. Ke2 Bxb4 0-1


[Site "https://www.chess.com"]

[Event "Titled Tuesday Blitz March 28 Late 2023"]
[White "Kubatko, Ivan"]
[Black "Costachi, Mihnea"]
[WhiteFideId "24111473"]
[BlackFideId "1217518"]
[WhiteElo "2285"]
[BlackElo "2456"]
[Result "0-1"]
[Round "03"]
[TimeControl "180+2"]
[Date "2023.03.28"]
[WhiteClock "0:00:02"]
[BlackClock "0:01:39"]

1. e4 c5 2. c3 d5 3. exd5 Nf6 4. Bb5+ Bd7 5. Bxd7+ Qxd7 6. c4 e6 7. dxe6 Qxe6+ 8. Qe2 Qxe2+ 9. Nxe2 Nc6 10. Nbc3 O-O-O 11. O-O Bd6 12. b3 Be5 13. f4 Bc7 14. Ba3 b6 15. Rad1 Rhe8 16. g3 h5 17. h3 Rd3 18. Kg2 h4 19. Rf3 Rxf3 20. Kxf3 hxg3 21. Kxg3 g5 22. Kf3 gxf4 23. Nb5 Ne5+ 24. Kf2 Ne4+ 25. Kf1 Nd3 26. Nxc7 Kxc7 27. Nc3 Ng3+ 28. Kg2 Nf5 29. Nd5+ Kd6 30. Rf1 Re2+ 31. Kf3 Nd4+ 32. Kg4 Rg2+ 33. Kh5 f3 34. Kh4 f2 35. Ne3 0-1


[Site "https://www.chess.com"]

[Event "Titled Tuesday Blitz March 28 Late 2023"]
[White "Pichot, Alan"]
[Black "Mackster23"]
[WhiteFideId "110973"]
[WhiteElo "2573"]
[BlackElo "2472"]
[Result "1-0"]
[Round "03"]
[TimeControl "180+2"]
[Date "2023.03.28"]
[WhiteClock "0:00:11"]
[BlackClock "0:00:01"]

1. e4 e6 2. d3 d5 3. Nd2 c5 4. Ngf3 Nc6 5. g3 Nf6 6. Bg2 Be7 7. O-O O-O 8. e5 Nd7 9. Re1 b5 10. Nf1 a5 11. h4 Ba6 12. h5 b4 13. N1h2 a4 14. Ng4 b3 15. axb3 axb3 16. c3 Qc7 17. h6 g6 18. Bf4 Rfb8 19. Qd2 Ra7 20. Bg5 Bf8 21. Bf1 d4 22. c4 Nb4 23. Re2 Nb6 24. Rd1 Nxd3 25. Qxd3 Bxc4 26. Qe4 Bxe2 27. Bxe2 Qb7 28. Qf4 Nd5 29. Nf6+ Nxf6 30. Qxf6 Ra2 31. Rd2 Qd7 32. Bc4 Rb6 33. Kg2 Qc7 34. Nh2 Qb7+ 35. Kh3 Ra1 36. Be2 Rh1 37. Bf3 Rxh2+ 38. Kxh2 Qa7 39. Rd1 Rb8 40. Be2 Qa2 41. Bc4 Rb6 42. Rd3 Qxb2 43. Rf3 Rb7 44. Bxe6 1-0


[Site "https://www.chess.com"]

[Event "Titled Tuesday Blitz March 28 Late 2023"]
[White "Khandelwal, Ankush"]
[Black "Boyer, Mahel"]
[WhiteFideId "413470"]
[BlackFideId "45102422"]
[WhiteElo "2263"]
[BlackElo "2439"]
[Result "0-1"]
[Round "03"]
[TimeControl "180+2"]
[Date "2023.03.28"]
[WhiteClock "0:00:10"]
[BlackClock "0:02:27"]

1. e4 Nc6 2. Nf3 d5 3. exd5 Qxd5 4. Nc3 Qh5 5. Nb5 Kd8 6. d4 Bg4 7. Bf4 a6 8. Nxc7 Rc8 9. d5 Bxf3 10. gxf3 Ne5 11. Ne6+ fxe6 12. dxe6+ Ke8 13. Be2 Nf6 14. Rg1 Qf5 15. Qd4 Nc6 16. Qd2 Rd8 17. Qe3 Nd4 18. O-O-O Qxc2# 0-1


[Site "https://www.chess.com"]

[Event "Titled Tuesday Blitz March 28 Late 2023"]
[White "Raja Rithvik R"]
[Black "Manukian, Artak"]
[WhiteFideId "35007394"]
[BlackFideId "13301373"]
[WhiteElo "2402"]
[BlackElo "2130"]
[Result "1-0"]
[Round "03"]
[TimeControl "180+2"]
[Date "2023.03.28"]
[WhiteClock "0:01:28"]
[BlackClock "0:01:13"]

1. b3 Nf6 2. Bb2 g6 3. e3 Bg7 4. f4 O-O 5. Nf3 c5 6. Be2 d5 7. O-O Nc6 8. Ne5 Nxe5 9. Bxe5 Bf5 10. d3 a5 11. a4 Rc8 12. Bf3 h5 13. h3 Qb6 14. Nd2 Rfd8 15. Qe2 Be6 16. e4 c4+ 17. Kh1 cxd3 18. cxd3 dxe4 19. Nxe4 Nxe4 20. Bxe4 Qxb3 21. Bxg7 Kxg7 22. f5 Bd5 23. Bxd5 Qxd5 24. fxg6 fxg6 25. Qxe7+ Kh6 26. Rf7 Rh8 27. Qf6 Qg5 28. Qg7# 1-0


[Site "https://www.chess.com"]

[Event "Titled Tuesday Blitz March 28 Late 2023"]
[White "Smirnov, Pavel"]
[Black "Kokoszczynski, Jan"]
[WhiteFideId "4123425"]
[BlackFideId "1174460"]
[WhiteElo "2519"]
[BlackElo "2139"]
[Result "1-0"]
[Round "03"]
[TimeControl "180+2"]
[Date "2023.03.28"]
[WhiteClock "0:02:35"]
[BlackClock "0:00:04"]

1. d4 d5 2. c4 e6 3. Nf3 Nf6 4. g3 Be7 5. Bg2 O-O 6. Nc3 c6 7. O-O b6 8. Qd3 Bb7 9. b3 Nbd7 10. e4 dxe4 11. Nxe4 c5 12. Nxf6+ Nxf6 13. Rd1 cxd4 14. Nxd4 Bxg2 15. Kxg2 Qc7 16. Qf3 Rfd8 17. Bf4 e5 18. Nb5 Qc5 19. Be3 Qc8 20. Rxd8+ Qxd8 21. Rd1 Qc8 22. Bg5 a6 23. Nd6 Bxd6 24. Rxd6 Ne8 25. Rxb6 a5 26. Qc6 Qxc6+ 27. Rxc6 f6 28. Be3 Kf7 29. a3 Ke7 30. Rb6 Kd7 31. Rb7+ Kc6 32. Rb6+ Kc7 33. c5 Kc8 34. Kf3 Nc7 35. Ke4 Kd7 36. g4 Rf8 37. Rd6+ Kc8 38. c6 g6 39. Rd7 Re8 40. Bb6 Ne6 41. Kd5 Nf4+ 42. Kc4 Re6 43. Kb5 Re8 44. Ra7 Kb8 45. c7+ Kc8 46. Ra8+ Kd7 47. Rxe8 Kxe8 1-0


[Site "https://www.chess.com"]

[Event "Titled Tuesday Blitz March 28 Late 2023"]
[White "Idani, Pouya"]
[Black "Donskov, Anatoly"]
[WhiteFideId "12510130"]
[BlackFideId "24143413"]
[WhiteElo "2574"]
[BlackElo "2247"]
[Result "1-0"]
[Round "03"]
[TimeControl "180+2"]
[Date "2023.03.28"]
[WhiteClock "0:02:08"]
[BlackClock "0:01:02"]

1. d4 d5 2. c4 dxc4 3. e4 b5 4. a4 c6 5. Nc3 b4 6. Nb1 Ba6 7. Qc2 Nf6 8. Nf3 Qa5 9. e5 Nd5 10. Bxc4 b3+ 11. Qd2 Qxd2+ 12. Nbxd2 Nb4 13. Ke2 Nc2 14. Rb1 e6 15. Bxa6 Nxa6 16. Nxb3 Rb8 17. Nbd2 Na3 18. bxa3 1-0


[Site "https://www.chess.com"]

[Event "Titled Tuesday Blitz March 28 Late 2023"]
[White "Senthilkumar, Pranav"]
[Black "Tazbir, Marcin"]
[WhiteFideId "2083477"]
[BlackFideId "1122452"]
[WhiteElo "1860"]
[BlackElo "2516"]
[Result "0-1"]
[Round "03"]
[TimeControl "180+2"]
[Date "2023.03.28"]
[WhiteClock "0:01:43"]
[BlackClock "0:02:03"]

1. Nf3 Nf6 2. b3 d6 3. Bb2 e5 4. e3 g6 5. Be2 Bg7 6. O-O O-O 7. c4 Qe7 8. d3 Nc6 9. Nbd2 h6 10. a3 a5 11. Bc3 Nh5 12. b4 axb4 13. axb4 Rxa1 14. Qxa1 f5 15. b5 Nd8 16. c5 Ne6 17. d4 e4 18. Ne1 dxc5 19. Bxh5 cxd4 20. exd4 gxh5 21. Nc2 Nf4 22. g3 Ne2+ 23. Kg2 f4 24. f3 Qe6 25. Nxe4 Qh3+ 26. Kf2 Qxh2+ 27. Ke1 Nxg3 28. Rf2 Qg1+ 29. Kd2 Nxe4+ 0-1


[Site "https://www.chess.com"]

[Event "Titled Tuesday Blitz March 28 Late 2023"]
[White "Adewumi, Tanitoluwa"]
[Black "Kozin, Yuri"]
[WhiteFideId "30966396"]
[BlackFideId "4129920"]
[WhiteElo "2745"]
[BlackElo "2451"]
[Result "1-0"]
[Round "03"]
[TimeControl "180+2"]
[Date "2023.03.28"]
[WhiteClock "0:00:01"]
[BlackClock "0:00:22"]

1. e4 c5 2. Nf3 e6 3. g3 Nc6 4. Bg2 Nf6 5. d3 d5 6. Qe2 Be7 7. O-O O-O 8. e5 Nd7 9. c4 Re8 10. Nc3 Nf8 11. h4 b6 12. Ng5 Nd4 13. Qh5 g6 14. Qh6 Bb7 15. cxd5 Nf5 16. Nxf7 Nxh6 17. Nxd8 Raxd8 18. Bxh6 Bxd5 19. Nxd5 exd5 20. Bh3 Nd7 21. Be6+ Kh8 22. Bf7 Nxe5 23. Bxe8 Rxe8 24. Kg2 Nxd3 25. Rad1 c4 26. b3 Bf6 27. bxc4 dxc4 28. Be3 Kg7 29. a4 Re7 30. Rd2 Nb2 31. Rd6 Nxa4 32. Rc6 c3 33. Rb1 Rd7 34. Rc1 Kf7 35. g4 h5 36. g5 Bd4 37. Bxd4 Rxd4 38. Rc7+ Ke6 39. Re1+ Kf5 40. Rf7+ Kg4 41. f3+ Kxh4 42. f4 c2 43. Kf3 Rd1 44. Re2 Rf1+ 45. Ke4 c1=Q 46. f5 Rxf5 47. Rxf5 gxf5+ 48. Kf3 Qc3+ 49. Kf4 Qc6 50. Rh2# 1-0


[Site "https://www.chess.com"]

[Event "Titled Tuesday Blitz March 28 Late 2023"]
[White "Liu, Casper"]
[Black "Flores, Diego"]
[WhiteFideId "1454153"]
[BlackFideId "108049"]
[WhiteElo "2221"]
[BlackElo "2606"]
[Result "0-1"]
[Round "03"]
[TimeControl "180+2"]
[Date "2023.03.28"]
[WhiteClock "0:00:14"]
[BlackClock "0:00:15"]

1. d4 Nf6 2. c4 e6 3. Nc3 Bb4 4. e3 O-O 5. Ne2 d5 6. a3 Be7 7. Ng3 c5 8. cxd5 cxd4 9. Qxd4 exd5 10. Bd3 Nc6 11. Qa4 d4 12. exd4 Nxd4 13. Be3 Nf3+ 14. Ke2 Ne5 15. Bc2 Bd7 16. Qd4 Nc6 17. Qd3 g6 18. Rhd1 Qc7 19. Kf1 Rad8 20. Qe2 Be6 21. Rac1 Ng4 22. Kg1 Nxe3 23. Qxe3 Bf6 24. Nce4 Bd4 25. Qh6 Bg7 26. Qh4 h6 27. Nf6+ Kh8 28. Ng4 Qe7 29. Qxe7 Nxe7 30. Ne3 Bxb2 31. Rb1 Bxa3 32. Rxb7 Bc5 33. Ne4 Bxe3 34. fxe3 Nf5 35. Rxa7 Nxe3 36. Rxd8 Rxd8 37. Ba4 Rd4 38. Nc5 Bd5 39. Rd7 Rd2 40. Rxd5 Rxd5 41. Nd7 Rd4 42. Bb5 Kg7 43. Be2 Rd2 44. Bb5 Rxg2+ 45. Kh1 Rb2 46. Bc6 Rb1# 0-1


[Site "https://www.chess.com"]

[Event "Titled Tuesday Blitz March 28 Late 2023"]
[White "Escalona Landi, Samid Eduardo"]
[Black "Minko, Dmitry"]
[WhiteFideId "3937437"]
[BlackFideId "24188468"]
[WhiteElo "2207"]
[BlackElo "2147"]
[Result "1-0"]
[Round "03"]
[TimeControl "180+2"]
[Date "2023.03.28"]
[WhiteClock "0:00:04"]
[BlackClock "0:00:02"]

1. e4 e5 2. Nf3 Nc6 3. d4 exd4 4. Nxd4 Bc5 5. Nb3 Bb4+ 6. Bd2 a5 7. a4 Nf6 8. Nc3 O-O 9. Bd3 Re8 10. O-O Bxc3 11. Bxc3 Nxe4 12. Bxe4 Rxe4 13. Nc5 Re8 14. Qg4 f6 15. Rfe1 d6 16. Qc4+ Kh8 17. Rxe8+ Qxe8 18. Re1 Ne5 19. Qf1 Nf3+ 20. gxf3 Qg6+ 21. Qg2 dxc5 22. Qxg6 hxg6 23. Re8+ Kh7 24. h4 b6 25. Re7 Bf5 26. Bxf6 Bxc2 27. Rxg7+ Kh6 28. Rxc7 g5 29. Bxg5+ Kg6 30. Rc6+ Kf5 31. Rxb6 Bxa4 32. Kg2 Be8 33. Kg3 a4 34. Bc1 Bh5 35. Rb5 Rg8+ 36. Bg5 Rc8 37. Ra5 Be8 38. Be3 Rb8 39. Rxc5+ Kg6 40. Rg5+ Kh7 41. Bd4 Bc6 42. Rg7+ Kh6 43. Rc7 Bd5 44. Be3+ Kg6 45. Rc5 Bb3 46. Bg5 Rb6 47. h5+ Kh7 48. Rc7+ Kg8 49. Be3 Rb5 50. Kh4 Rb4+ 51. f4 Rb5 52. Bd4 Bd1 53. Be5 Rxb2 54. Bxb2 1-0


[Site "https://www.chess.com"]

[Event "Titled Tuesday Blitz March 28 Late 2023"]
[White "Fernandez Garcia, Gumersindo"]
[Black "Oro, Faustino"]
[WhiteFideId "24516740"]
[BlackFideId "20000197"]
[WhiteElo "2093"]
[BlackElo "1984"]
[Result "0-1"]
[Round "03"]
[TimeControl "180+2"]
[Date "2023.03.28"]
[WhiteClock "0:00:02"]
[BlackClock "0:00:04"]

1. d4 Nf6 2. c4 e6 3. Nf3 b6 4. g3 Bb7 5. Bg2 Be7 6. O-O O-O 7. Nc3 Ne4 8. Qc2 Nxc3 9. Qxc3 d6 10. b4 f5 11. Bb2 Bf6 12. Ne1 Bxg2 13. Nxg2 c5 14. e3 Nc6 15. bxc5 bxc5 16. Rfd1 Qb6 17. Nf4 Rfe8 18. Rab1 cxd4 19. Qe1 Qa6 20. exd4 Qxc4 21. Rbc1 Qb5 22. Ba1 e5 23. dxe5 Bxe5 24. Bxe5 Nxe5 25. Qc3 Kh8 26. Rxd6 h6 27. h4 Kh7 28. h5 Qb7 29. Qc7 Nf3+ 30. Kf1 Nd2+ 31. Kg1 Re1+ 32. Rxe1 Nf3+ 33. Kf1 Qxc7 34. Rg6 Nxe1 35. Kxe1 Re8+ 36. Ne6 Qc1+ 37. Ke2 Rxe6+ 38. Rxe6 Qc4+ 0-1


[Site "https://www.chess.com"]

[Event "Titled Tuesday Blitz March 28 Late 2023"]
[White "Becerra, Juan David"]
[Black "Goltsev, Dmitry"]
[WhiteFideId "4404998"]
[BlackFideId "24176710"]
[WhiteElo "2282"]
[BlackElo "2336"]
[Result "0-1"]
[Round "03"]
[TimeControl "180+2"]
[Date "2023.03.28"]
[WhiteClock "0:00:05"]
[BlackClock "0:00:16"]

1. e4 e6 2. d4 d5 3. Nc3 c5 4. exd5 exd5 5. Nf3 Nf6 6. Bb5+ Nc6 7. O-O Be7 8. dxc5 Bxc5 9. Re1+ Be6 10. Nd4 O-O 11. Bxc6 bxc6 12. Be3 Bd6 13. Na4 Qc7 14. h3 Ne4 15. f3 Bh2+ 16. Kh1 Nf6 17. Bg5 Nh5 18. Rxe6 fxe6 19. Nxe6 Qd6 20. Nxf8 Rxf8 21. Bh4 Bg3 22. Bxg3 Nxg3+ 23. Kg1 Re8 24. Nc3 Qc5+ 25. Kh2 Qd6 26. Kg1 Qb4 27. Kh2 Nf5 28. Qd2 d4 29. Ne4 Qxd2 30. Nxd2 Re2 31. Nb3 Rxc2 32. Rc1 Rxb2 33. Rxc6 Rxa2 34. Rc8+ Kf7 35. Rd8 Nh4 36. Nxd4 Rxg2+ 37. Kh1 Rd2 38. Rd7+ Ke8 39. Rd5 Rd1+ 40. Kh2 Rxd4 0-1


[Site "https://www.chess.com"]

[Event "Titled Tuesday Blitz March 28 Late 2023"]
[White "Mazurkiewicz, Michal"]
[Black "Levine, Joseph"]
[WhiteFideId "1124943"]
[BlackFideId "30940346"]
[WhiteElo "2054"]
[BlackElo "2351"]
[Result "0-1"]
[Round "03"]
[TimeControl "180+2"]
[Date "2023.03.28"]
[WhiteClock "0:00:15"]
[BlackClock "0:00:15"]

1. e4 e6 2. d3 d5 3. Nd2 Nf6 4. Ngf3 c5 5. g3 Nc6 6. Bg2 Be7 7. O-O b6 8. Re1 Bb7 9. c3 h6 10. h4 Qc7 11. a3 O-O-O 12. b4 dxe4 13. dxe4 Rd3 14. Qc2 Rhd8 15. e5 Ng4 16. Ne4 Ncxe5 17. Nxe5 Nxe5 18. Bf4 f6 19. Qe2 g5 20. Bxe5 Qxe5 21. bxc5 gxh4 22. Nd6+ R8xd6 23. cxd6 Qxe2 24. Rxe2 Rxd6 25. Bxb7+ Kxb7 26. Rae1 hxg3 27. fxg3 e5 28. g4 Rc6 29. Rc2 Bxa3 30. Kg2 Bb4 31. Ree2 Bxc3 32. Kf3 Bd4 33. Ke4 Rxc2 34. Rxc2 a5 35. Kf5 a4 36. Kxf6 a3 37. Ra2 Bb2 38. Kg6 e4 39. Kxh6 e3 40. g5 e2 41. g6 e1=Q 0-1


[Site "https://www.chess.com"]

[Event "Titled Tuesday Blitz March 28 Late 2023"]
[White "Mujumdar, Sameer"]
[Black "Abdyzhapar, Asylbek"]
[WhiteFideId "2029707"]
[BlackFideId "13800337"]
[WhiteElo "2104"]
[BlackElo "2323"]
[Result "0-1"]
[Round "03"]
[TimeControl "180+2"]
[Date "2023.03.28"]
[WhiteClock "0:00:44"]
[BlackClock "0:00:44"]

1. e4 d6 2. d4 Nf6 3. Nc3 g6 4. Be3 Bg7 5. Qd2 O-O 6. Bh6 e5 7. Bxg7 Kxg7 8. Nge2 Nc6 9. O-O-O Qe7 10. f3 exd4 11. Nxd4 Nxd4 12. Qxd4 a6 13. Bc4 Qe5 14. Qxe5 dxe5 15. Rd2 b5 16. Bb3 Bb7 17. Rhd1 c6 18. Rd6 h5 19. a3 a5 20. Ne2 b4 21. a4 Ba6 22. R1d2 c5 23. Bd5 Ra7 24. Rc6 Nxd5 25. exd5 c4 26. d6 Rd8 27. Rc5 c3 28. bxc3 bxc3 29. Nxc3 Rad7 30. Rxa5 Rxd6 31. Rxd6 Rxd6 32. Rxe5 Rc6 33. Kb2 h4 34. h3 Bf1 35. Re4 g5 36. Rg4 Kh6 37. f4 f6 38. fxg5+ fxg5 39. a5 Rc5 40. Ra4 Bxg2 41. a6 Bxh3 42. a7 Bg2 43. a8=Q Bxa8 44. Rxa8 Re5 45. Rh8+ Kg7 46. Nd1 0-1


[Site "https://www.chess.com"]

[Event "Titled Tuesday Blitz March 28 Late 2023"]
[White "Bitoon, Richard"]
[Black "Yeritsyan, Hayk"]
[WhiteFideId "5201110"]
[BlackFideId "13307320"]
[WhiteElo "2374"]
[BlackElo "2442"]
[Result "1-0"]
[Round "03"]
[TimeControl "180+2"]
[Date "2023.03.28"]
[WhiteClock "0:00:12"]
[BlackClock "0:00:01"]

1. e4 c6 2. d4 d5 3. Nc3 dxe4 4. Nxe4 Nd7 5. Ng5 h6 6. Ne6 Qb6 7. Bd3 Ngf6 8. Nf3 c5 9. Nxf8 Nxf8 10. dxc5 Qxc5 11. O-O Bg4 12. h3 Bh5 13. Be3 Qc7 14. Bb5+ N8d7 15. g4 Bg6 16. Nh4 Be4 17. Ba4 e6 18. Qd4 Bc6 19. Bxc6 Qxc6 20. Qb4 Nd5 21. Qe4 N7f6 22. Qd3 O-O-O 23. Qb3 Kb8 24. Rac1 Nxe3 25. Qxe3 Rd5 26. Nf3 Rhd8 27. Rfe1 Qc7 28. a4 Qd6 29. Rb1 Qd7 30. b3 Qc7 31. b4 Qc4 32. Ne5 Qc7 33. a5 Rd4 34. Nf3 Re4 35. Qb3 Qf4 36. b5 Nxg4 37. hxg4 Qxg4+ 38. Kh1 Rf4 39. Nh2 Qh4 40. Qg3 Qf6 41. Re4 g5 42. Ng4 Qf5 43. Rbe1 h5 44. Nh6 1-0


[Site "https://www.chess.com"]

[Event "Titled Tuesday Blitz March 28 Late 2023"]
[White "Hoffmann, Asa"]
[Black "Florescu, Codrut-Constantin"]
[WhiteFideId "2001470"]
[BlackFideId "1202200"]
[WhiteElo "2117"]
[BlackElo "2191"]
[Result "0-1"]
[Round "03"]
[TimeControl "180+2"]
[Date "2023.03.28"]
[WhiteClock "0:00:04"]
[BlackClock "0:00:20"]

1. d4 Nf6 2. Bg5 e6 3. Nd2 h6 4. Bh4 d5 5. e3 c5 6. c3 Nc6 7. f4 Bd7 8. Bd3 Qb6 9. Rb1 cxd4 10. exd4 Bd6 11. Qf3 O-O-O 12. Ne2 Kb8 13. O-O Rc8 14. b4 Ne7 15. Nb3 Bb5 16. Nc5 Bxd3 17. Qxd3 Rhd8 18. Bxf6 gxf6 19. Ng3 f5 20. Ne2 Ng8 21. Qh3 Nf6 22. Qf3 Ne4 23. Nxe4 dxe4 24. Qe3 Qb5 25. Rfc1 Qd3 26. Kf2 Rg8 27. g3 h5 28. h4 Be7 29. Qxd3 exd3 30. Ng1 d2 31. Rc2 Bxb4 32. Rxd2 Bxc3 33. Rd3 Rc4 34. Nf3 Ba5 35. d5 Rc2+ 36. Kf1 exd5 37. Rxd5 Bb6 38. Ng5 Rf2+ 39. Ke1 Re8+ 40. Kd1 Rf1+ 41. Kc2 Rc8+ 42. Kb2 Rf2+ 43. Ka1 Rcc2 0-1


[Site "https://www.chess.com"]

[Event "Titled Tuesday Blitz March 28 Late 2023"]
[White "Ozdemir, Serhan Berat"]
[Black "Vlassov, Nikolai"]
[WhiteFideId "6374611"]
[BlackFideId "4103360"]
[WhiteElo "2015"]
[BlackElo "2324"]
[Result "0-1"]
[Round "03"]
[TimeControl "180+2"]
[Date "2023.03.28"]
[WhiteClock "0:00:01"]
[BlackClock "0:00:17"]

1. e4 c5 2. Nf3 d6 3. d4 cxd4 4. Nxd4 Nf6 5. Nc3 g6 6. Be3 a6 7. f3 Nbd7 8. Qd2 Qc7 9. Be2 h5 10. O-O Bg7 11. a4 O-O 12. Nd5 Nxd5 13. exd5 Nb6 14. c4 Nd7 15. b4 a5 16. Nb5 Qd8 17. c5 axb4 18. c6 Nc5 19. Qxb4 bxc6 20. dxc6 Bxa1 21. Rxa1 Qa5 22. Qh4 Bf5 23. Bh6 Rfe8 24. Bc4 Be6 25. Qd4 f6 26. Be3 Kg7 27. Bxe6 Nxe6 28. Qd5 Nf8 29. c7 Rac8 30. Qc6 Ne6 31. Bb6 Qd2 0-1


[Site "https://www.chess.com"]

[Event "Titled Tuesday Blitz March 28 Late 2023"]
[White "Domingo Nunez, Alejandro"]
[Black "reevecanada"]
[WhiteFideId "22245561"]
[WhiteElo "2230"]
[BlackElo "2437"]
[Result "1-0"]
[Round "03"]
[TimeControl "180+2"]
[Date "2023.03.28"]
[WhiteClock "0:01:21"]
[BlackClock "0:01:00"]

1. e4 c5 2. d4 cxd4 3. c3 dxc3 4. Nxc3 d6 5. Nf3 Nf6 6. Bc4 Nc6 7. e5 dxe5 8. Qxd8+ Nxd8 9. Nb5 Be6 10. Nc7+ Kd7 11. Nxa8 Bxc4 12. Nxe5+ Kc8 13. Nxc4 Kb8 14. Be3 Kxa8 15. Rd1 Nc6 16. Ne5 e6 17. Nxf7 Bb4+ 18. Ke2 Rf8 19. Ng5 e5 20. f3 Re8 21. Ne4 Re7 22. a3 Ba5 23. Bc5 Rc7 24. Rc1 Nd5 25. Rhd1 Nf4+ 26. Kf1 Bb6 27. Bxb6 axb6 28. Nd6 g5 29. Nb5 Rf7 30. Rd8+ Nxd8 31. Rc8# 1-0


[Site "https://www.chess.com"]

[Event "Titled Tuesday Blitz March 28 Late 2023"]
[White "Gonzalez, Francisco Silva"]
[Black "Tilicheev, Viacheslav"]
[WhiteFideId "1512285"]
[BlackFideId "24114928"]
[WhiteElo "2074"]
[BlackElo "2415"]
[Result "0-1"]
[Round "03"]
[TimeControl "180+2"]
[Date "2023.03.28"]
[WhiteClock "0:00:12"]
[BlackClock "0:00:36"]

1. d4 Nf6 2. c4 c5 3. d5 b5 4. Nd2 e6 5. dxe6 fxe6 6. e4 Bb7 7. e5 Ne4 8. Ngf3 Be7 9. Bd3 Nxd2 10. Bxd2 bxc4 11. Bxc4 Nc6 12. Bc3 O-O 13. O-O Rb8 14. Re1 Qe8 15. Re3 Qh5 16. Qxd7 Kh8 17. Qxe6 Rbe8 18. Qh3 Qxh3 19. gxh3 Rxf3 20. Rxf3 Nxe5 21. Bxe5 Bxf3 22. Bf1 Bf6 23. Bc3 Bxc3 24. bxc3 Re6 25. Bd3 Rd6 26. Re1 Kg8 27. Bc4+ Kf8 28. Kf1 Rd2 29. Re3 Rd1+ 30. Re1 Bg2+ 31. Ke2 Bf3+ 32. Kf1 Bg2+ 33. Ke2 Rd6 34. h4 Rh6 35. Rg1 Rxh4 36. Rxg2 Rxc4 37. Kd3 Ra4 38. f3 Kf7 39. Rg5 Ra5 40. Rf5+ Ke6 41. Rf4 Rxa2 42. Rh4 h6 43. Re4+ Kd5 44. Re7 c4+ 45. Ke3 g5 46. Rd7+ Ke5 47. Rh7 Rxh2 48. Rb7 Rc2 49. Rxa7 Rxc3+ 50. Kf2 h5 51. Ra5+ Kf4 52. Ke2 Rxf3 53. Rc5 Re3+ 54. Kf2 Re4 55. Rc8 h4 56. Rh8 Kg4 57. Rc8 Rf4+ 58. Ke3 h3 59. Rh8 Kg3 60. Rh5 Rg4 61. Kd2 Kg2 62. Kc3 h2 0-1


[Site "https://www.chess.com"]

[Event "Titled Tuesday Blitz March 28 Late 2023"]
[White "Thomforde-Toates, Noah"]
[Black "Przybylski, Wojciech"]
[WhiteFideId "30951992"]
[BlackFideId "1117599"]
[WhiteElo "2656"]
[BlackElo "2222"]
[Result "1-0"]
[Round "03"]
[TimeControl "180+2"]
[Date "2023.03.28"]
[WhiteClock "0:00:19"]
[BlackClock "0:00:05"]

1. e4 e5 2. Nf3 Nf6 3. Nxe5 d6 4. Nf3 Nxe4 5. Nc3 Nxc3 6. dxc3 Be7 7. Be3 Nd7 8. Qd2 Ne5 9. Be2 O-O 10. O-O-O c6 11. Rhe1 Qa5 12. Kb1 Be6 13. b3 Rad8 14. Nd4 Bc8 15. h3 d5 16. f4 Ng6 17. Bg4 f5 18. Bf3 Bh4 19. Rg1 c5 20. b4 cxb4 21. cxb4 Qa3 22. Nb3 Be6 23. Nc5 Bf7 24. Bd4 Bg3 25. Bb2 Bxf4 26. Bxa3 Bxd2 27. Rxd2 Ne5 28. Bb2 Nc4 29. Rd4 Rfe8 30. Rgd1 b6 31. Nd3 g5 32. g4 f4 33. h4 h6 34. hxg5 hxg5 35. Kc1 a5 36. Rh1 Bg6 37. Bxd5+ Kf8 38. Bxc4 Rxd4 39. Bxd4 Re4 40. c3 f3 41. Rf1 Ke8 42. Rxf3 Rxg4 43. Bb5+ Ke7 44. Re3+ Kf7 45. Ne5+ Kf8 46. Nxg4 Bf5 47. Rf3 Ke7 48. Rxf5 Ke6 49. Re5+ Kd6 50. Ne3 g4 51. Nf5+ Kc7 52. Re7+ Kd8 53. Bxb6+ Kc8 54. Ba6+ Kb8 55. Re8# 1-0


[Site "https://www.chess.com"]

[Event "Titled Tuesday Blitz March 28 Late 2023"]
[White "Melikhov, Evgeny V."]
[Black "Wieczorek, Oskar"]
[WhiteFideId "4122046"]
[BlackFideId "1133950"]
[WhiteElo "2158"]
[BlackElo "2418"]
[Result "0-1"]
[Round "03"]
[TimeControl "180+2"]
[Date "2023.03.28"]
[WhiteClock "0:00:10"]
[BlackClock "0:01:26"]

1. d4 Nf6 2. c4 c5 3. d5 g6 4. Nc3 Bg7 5. e4 d6 6. h3 O-O 7. Nf3 e6 8. Bd3 Na6 9. O-O Nc7 10. Bg5 h6 11. Be3 exd5 12. cxd5 b5 13. Qd2 Kh7 14. Rad1 b4 15. Ne2 Re8 16. Ng3 a5 17. Rfe1 Ba6 18. e5 Nfxd5 19. Bxa6 Rxa6 20. exd6 Rxd6 21. Bxc5 Rxe1+ 22. Rxe1 Re6 23. Rxe6 Nxe6 24. Ne4 f5 25. Nd6 Nxc5 26. Qxd5 Ne4 0-1


[Site "https://www.chess.com"]

[Event "Titled Tuesday Blitz March 28 Late 2023"]
[White "Cuenca Jimenez, Jose Fernando"]
[Black "Rios Escobar, Adan"]
[WhiteFideId "2255570"]
[BlackFideId "3403645"]
[WhiteElo "2429"]
[BlackElo "2422"]
[Result "1-0"]
[Round "03"]
[TimeControl "180+2"]
[Date "2023.03.28"]
[WhiteClock "0:00:07"]
[BlackClock "0:00:05"]

1. c4 Nf6 2. Nc3 g6 3. e4 d6 4. d4 Bg7 5. h3 O-O 6. Be3 Nc6 7. Nf3 e5 8. d5 Nd4 9. Be2 Nxe2 10. Qxe2 Nh5 11. g3 Bd7 12. Nd2 Qe8 13. Nb5 Qb8 14. c5 a6 15. Nc3 Qe8 16. cxd6 cxd6 17. Nc4 Qe7 18. Nb6 Rad8 19. Nxd7 Rxd7 20. O-O-O Rc8 21. Kb1 b5 22. Rc1 Qe8 23. Qf3 Rdc7 24. Ne2 Rxc1+ 25. Rxc1 Rxc1+ 26. Bxc1 Nf6 27. Qd3 Qc8 28. g4 Nd7 29. Be3 Qc7 30. Qc3 Qxc3 31. Nxc3 Bf8 32. a4 bxa4 33. Nxa4 Be7 34. Kc2 Kf8 35. Kc3 Ke8 36. Kc4 Bd8 37. b4 h5 38. f3 hxg4 39. hxg4 f6 40. b5 axb5+ 41. Kxb5 Nb8 42. Ba7 Bc7 43. Bxb8 Bxb8 44. Kc6 Kd8 45. Nb6 Bc7 46. Nc4 f5 47. gxf5 gxf5 48. Nxd6 fxe4 49. fxe4 Bb8 50. Nf5 Ke8 51. d6 Kd8 52. Kd5 Kd7 53. Kxe5 Ba7 54. Kd5 Bg1 55. e5 Bh2 56. e6+ Ke8 57. Ng7+ Kf8 58. e7+ Kxg7 59. e8=Q Bxd6 60. Kxd6 Kf6 61. Qf8+ Kg6 62. Ke5 Kh7 63. Qf1 Kg8 64. Ke6 Kg7 65. Qg2+ Kh8 66. Kf7 Kh7 67. Qh2# 1-0


[Site "https://www.chess.com"]